 Dungeon Crawl Stone Soup version 0.28.0-53-g5a82cb258f (webtiles) character file.

Game seed: 15484927835855458085

402 Ashen the Chiller (level 6, -10/61 HPs)
             Began as an Ogre Ice Elementalist on June 19, 2022.
             Was an Initiate of Vehumet.
             Mangled by Weresquid's ghost (18 damage)
             ... on level 3 of the Dungeon.
             The game lasted 00:09:31 (5006 turns).

Ashen the Chiller (Ogre Ice Elementalist)           Turns: 5006, Time: 00:09:32

Health: -10/61     AC:  3    Str: 21    XL:     6   Next: 85%
Magic:  11/11      EV: 10    Int: 18    God:    Vehumet [......]
Gold:   95         SH:  0    Dex:  9    Spells: 5/12 levels left

rFire   . . .      SeeInvis +   q - +0 morningstar
rCold   . . .      Faith    .   (no shield)
rNeg    + . .      Spirit   .   a - +0 robe
rPois   +          Reflect  .   (helmet restricted)
rElec   .          Harm     .   (no cloak)
rCorr   .          Rampage  .   (gloves unavailable)
Will    .....                   (boots unavailable)
Stlth   ++........              k - amulet of the acrobat
HPRegen 0.20/turn               h - ring "Pait" {Wiz rN+ Str+8 SInv}
MPRegen 0.12/turn               r - ring of poison resistance

@: no status effects
A: large, unfitting armour, tough skin 1
a: Renounce Religion


You were on level 3 of the Dungeon.
You worshipped Vehumet.
Vehumet was noncommittal.
You visited 1 branch of the dungeon, and saw 5 of its levels.

You collected 95 gold pieces.

Inventory:

Hand Weapons
 p - a +2 whip of draining
 q - a +0 morningstar (weapon)
 s - a +1 dagger of venom
 t - a +1 falchion of venom
Armour
 a - a +0 robe (worn)
Magical Staves
 b - a staff of conjuration
Jewellery
 h - the ring "Pait" (left hand) {Wiz rN+ Str+8 SInv}
   (You found it on level 2 of the Dungeon)

   [ring of wizardry]

   It improves your spell success rate.
   Str:       It affects your strength (+8).
   rN:        It protects you from negative energy.
   SInv:      It lets you see invisible.
 k - an amulet of the acrobat (around neck)
 r - a ring of poison resistance (right hand)
Wands
 u - a wand of mindburst (14)
Scrolls
 g - 6 scrolls of identify {unknown}
 j - a scroll of fog {unknown}
 m - 3 scrolls of teleportation {unknown}
 v - a scroll of magic mapping {unknown}
Potions
 c - 2 potions of heal wounds {unknown}
 d - a potion of brilliance {unknown}
 e - a potion of curing
 i - 2 potions of haste {unknown}
 l - a potion of might {unknown}
 n - a potion of degeneration {unknown}
 o - a potion of attraction {unknown}


   Skills:
 + Level 3.5 Fighting
 + Level 2.1 Maces & Flails
 + Level 2.9 Dodging
 + Level 2.7 Stealth
 + Level 3.8 Spellcasting
 + Level 4.3 Ice Magic


You had 5 spell levels left.
You knew the following spells:

 Your Spells              Type           Power      Damage    Failure   Level
a - Freeze                Ice            76%        1d9       1%          1
b - Frozen Ramparts       Ice            38%        1d5       3%          3
c - Ozocubu's Armour      Ice            19%        N/A       3%          3

Your spell library contained the following spells:

 Spells                   Type           Power      Damage    Failure   Level
 Tukima's Dance           Hex            3%         N/A       17%         3
 Hailstorm                Conj/Ice       11%        3d5       24%         4
 Anguish                  Hex/Necr       1%         N/A       50%         4
 Enfeeble                 Hex            1%         N/A       100%        7


Dungeon Overview and Level Annotations

Branches:
Dungeon (5/15)
 Temple: D:4-7

Altars:
Vehumet
Xom
Yredelemnul
Zin

Shops:
D:2 [

Annotations:
D:3 exclusion: statue, Weresquid's ghost, amateur GrGl


Innate Abilities, Weirdness & Mutations

You are too large for most types of armour.
You have tough skin. (AC +1)


Message History

Found a stone staircase leading up.
There is a stone staircase leading down here.
You open the door.
There is an open door here.
There is an open door here.
There is an open door here.
Weresquid's ghost wails.
Could not explore, unopened runed door.
You open the gate. Weresquid's ghost hits you! Weresquid's ghost misses you.
You open the door. Weresquid's ghost closely misses you.
There is an open door here.
Weresquid's ghost is nearby!
Weresquid's ghost is nearby!
You can't go down here!
You puncture Weresquid's ghost!
Weresquid's ghost is moderately damaged.
Weresquid's ghost hits you.
You closely miss Weresquid's ghost.
Weresquid's ghost is moderately damaged.
Weresquid's ghost hits you.
You closely miss Weresquid's ghost.
Weresquid's ghost is moderately damaged.
Weresquid's ghost barely misses you. x2
You hit Weresquid's ghost but do no damage.
Weresquid's ghost is moderately damaged.
Weresquid's ghost hits you!!
You closely miss Weresquid's ghost.
Weresquid's ghost is moderately damaged.
Weresquid's ghost hits you!
* * * LOW HITPOINT WARNING * * *
x2 Weresquid's ghost hits you.
* * * LOW HITPOINT WARNING * * *
x2
As you read the scroll labelled YFUXTAMARA, it crumbles to dust.
It is a scroll of amnesia.
Really abort (and waste the scroll)?
Okay, then.
Weresquid's ghost hits you!!
You die...

#.## #..# ##### #### #.##
##...## ###... ###'## #.._..#
#.....
#....####...###############.#...
#....##.......##....PPPPPPP.PPP.
#....##.#'''#.######P.P.......P.
#....##.#...#.##....P.P.PPPPPPP#
#....'..#$$$#.W@.###P.....P...P#
###>.###########....P.PPP.P.P.P#
###.################P...P.P.P.P#
#.........<.........PPP.PPP.PPP.
#.....##############P.....)...P.
#...................P.PPP.P.PPP.
####################P.P.P.P.....
##P.P.P.P.P.P# #.)...P.P.P.P#


You could see Weresquid's ghost.

Vanquished Creatures
  A black bear (D:4)
  A howler monkey (D:4)
  A hound (D:4)
  Jessica (D:2)
  An iguana (D:4)
  A hound zombie (D:3)
  A hound skeleton (D:2)
  7 adders
  2 adder skeletons
  A worm (D:3)
  5 dart slugs
  6 orcs
  3 bats
  4 endoplasms
  3 giant cockroaches
  7 goblins
  6 hobgoblins
  6 jackals
  2 quokkas
  10 ball pythons
  10 frilled lizards
  A jackal zombie (D:3)
  5 kobolds
  3 rats
88 creatures vanquished.

Vanquished Creatures (others)
  4 plants (D:4)
4 creatures vanquished.

Grand Total: 92 creatures vanquished

Notes
Turn   | Place    | Note
-------+----------+-------------------------------------------
     0 | D:1      | Ashen the Ogre Ice Elementalist began the quest for the
                  | Orb.
     0 | D:1      | Reached XP level 1. HP: 16/16 MP: 3/3
   283 | D:1      | Reached XP level 2. HP: 20/26 MP: 0/5
   498 | D:1      | Reached skill level 1 in Fighting
   861 | D:1      | Found a faded altar of an unknown god.
  1106 | D:2      | Reached XP level 3. HP: 33/33 MP: 4/7
  1166 | D:2      | Identified the ring "Pait" {Wiz rN+ Str+8 SInv}
  1235 | D:2      | Learned a level 3 spell: Frozen Ramparts
  1239 | D:2      | Learned a level 3 spell: Ozocubu's Armour
  1514 | D:2      | Noticed Jessica
  1525 | D:2      | Killed Jessica
  1526 | D:2      | Reached skill level 1 in Maces & Flails
  1526 | D:2      | Reached XP level 4. HP: 36/42 MP: 4/8
  1603 | D:2      | Found Deanef's Armour Emporium.
  1900 | D:2      | Reached skill level 4 in Ice Magic
  2250 | D:2      | Reached XP level 5. HP: 43/49 MP: 5/9
  2481 | D:3      | Found a glowing silver altar of Zin.
  2559 | D:3      | Found a shimmering altar of Xom.
  2560 | D:3      | Found a shimmering altar of Xom.
  2560 | D:3      | Found a shimmering altar of Xom.
  2560 | D:3      | Found a shimmering altar of Xom.
  2560 | D:3      | Found a shimmering altar of Xom.
  2562 | D:3      | Found a shimmering altar of Xom.
  2932 | D:3      | Found a radiant altar of Vehumet.
  2932 | D:3      | Noticed a frost-covered statue
  2941 | D:3      | Became a worshipper of Vehumet
  3204 | D:4      | Noticed a black bear
  3539 | D:4      | Killed a black bear
  3540 | D:4      | Reached XP level 6. HP: 58/61 MP: 3/11
  4652 | D:5      | Entered Level 5 of the Dungeon
  4652 | D:5      | Noticed an ice beast
  4915 | D:3      | Found a runed translucent gate.
  4915 | D:3      | Found a runed translucent gate.
  4915 | D:3      | Found a runed translucent gate.
  4915 | D:3      | Noticed Weresquid's ghost (amateur GrGl)
  4918 | D:3      | Found a basalt altar of Yredelemnul.
  5006 | D:3      | Mangled by Weresquid's ghost

Illustrated notes

Levels and vault maps discovered:
D:1:      dpeg_arrival_houses_and_road, layout_loops_ring,
          ebering_ecumenical_altar_petrified
D:2:      minmay_skewed_foursquare, layout_loops_ring, serial_shops,
          nicolae_square_shop, minmay_misc_feat_rugged, chequers_garden,
          uniq_jessica
D:3:      layout_basic, nicolae_yredelemnul_ghost_church,
          mainiacjoe_overflow_boulevard, xom_redecorated, vehumet_statue,
          minmay_misc_feat_nine_boxes, moated_statue, minmay_hedge_maze
D:4:      layout_basic, minmay_lizard_king
D:5:      layout_basic, nicolae_grassy_gnolls

Skill      XL: |  1  2  3  4  5  6 |
---------------+-------------------+-----
Fighting       | 1 2 3 |  3.5
Dodging        | 2 |  2.9
Spellcasting   | 3 |  3.8
Maces & Flails | 1 2 |  2.1
Stealth        | 2 |  2.7
Ice Magic      | 4 |  4.3

Action                   |  1- 3 |  4- 6 || total
-------------------------+-------+-------++-------
Melee: Unarmed           |    18 |       ||    18
       Punch             |     2 |     2 ||     4
       Club              |    20 |    23 ||    43
       Whip              |       |    16 ||    16
       Dagger            |       |    41 ||    41
       Morningstar       |       |    14 ||    14
 Cast: Freeze            |    45 |    50 ||    95
       Frozen Ramparts   |     1 |     8 ||     9
       Ozocubu's Armour  |       |     2 ||     2
  Use: Scroll            |       |     1 ||     1
 Stab: Sleeping          |     1 |       ||     1
       Distracted        |       |     1 ||     1
Armor: Robe              |    19 |    36 ||    55
Dodge: Dodged            |    31 |    70 ||   101
